Map: Bridgehead LE (Void)

Players

DESMX

  • Race: Protoss Protoss
  • League: Silver

SticklerMac - Winner!

  • Race: Zerg Zerg
  • League: Silver

VOD

Have the link to the VOD?

Description

Time

  • Played on: Aug. 23, 2015, 10:49 a.m.
  • Length: 9:16
Show
View Real Time Build Order
Export as new Build Order

DESMX Protoss 

Build Orders:  

Get SALT Encoding   

  12  0:01  Probe  
  13  0:13  Probe  
  14  0:20  Pylon  
  14  0:25  Probe  
  15  0:38  Probe  
  15  0:39  Gateway  
  16  0:50  Probe  
  17  0:59  Assimilator  
  17  1:02  Probe  
  18  1:04  Pylon  
  18  1:15  Gateway  
  18  1:16  Pylon  
  18  1:30  Cybernetics Core  
  18  1:40  Probe  
  19  1:58  Zealot  
  21  2:12  Adept  
  23  2:19  Warp Gate  
  23  2:25  Adept  
  23  2:28  Probe  
  25  2:34  Nexus  
  25  2:47  Zealot  
  25  2:50  Assimilator  
  27  3:08  Mothership Core  
  29  3:16  Adept  
  31  3:23  Adept  
  33  3:29  Probe  
  34  3:41  Probe  
  34  3:48  Probe  
  36  3:50  Assimilator  
  36  3:52  Assimilator  
  36  3:53  Probe  
  36  3:54  Stalker  
  39  3:56  Stalker  
  39  4:00  Probe  
  42  4:05  Twilight Council, Probe  
  43  4:23  Probe  
  44  4:31  Pylon  
  44  4:35  Probe  
  41  4:45  Charge  
  45  4:47  Zealot x2  
  49  4:57  Gateway  
  45  5:46  Nexus  
  45  5:49  Forge  
  45  5:51  Probe  
  45  5:52  Probe  
  47  6:03  Probe  
  48  6:05  Probe, Pylon  
  49  6:16  Probe  
  49  6:17  Probe  
  41  6:21  Zealot  
  41  6:22  Stalker  
  38  6:28  Probe  
  39  6:38  Gateway  
  39  6:42  Zealot, Photon Cannon  
  39  6:44  Adept  
  35  7:01  Adept  
  35  7:05  Adept  
  3  7:45  Adept  
  3  7:46  Adept  
  6  8:09  Adept x2  
  6  8:10  Adept  
  12  8:13  Probe  
  13  8:25  Probe  
  14  8:37  Probe  
Show
View Real Time Build Order
Export as new Build Order

SticklerMac Zerg - Winner!

Build Orders: Pool First 

Get SALT Encoding   

  12  0:00  Drone  
  13  0:12  Overlord  
  13  0:17  Drone  
  14  0:30  Drone  
  14  0:31  Drone  
  16  0:41  Spawning Pool  
  15  0:44  Drone  
  16  0:51  Drone, Extractor  
  16  0:56  Drone  
  17  1:06  Drone  
  18  1:24  Hatchery, Drone  
  18  1:30  Drone  
  19  1:36  Queen  
  21  1:42  Drone  
  22  1:57  Overlord  
  22  2:01  Overlord  
  22  2:07  Metabolic Boost  
  23  2:22  Drone  
  23  2:23  Drone  
  24  2:37  Hatchery  
  24  2:43  Baneling Nest, Queen  
  24  2:50  Extractor  
  24  2:51  Drone  
  24  2:55  Drone  
  25  3:07  Drone x4  
  25  3:09  Drone  
  30  3:14  Drone  
  31  3:20  Overlord  
  31  3:23  Zergling x2  
  31  3:26  Zergling x2  
  33  3:28  Zergling x2  
  34  3:36  Zergling x2  
  34  3:37  Zergling x2  
  36  3:48  Zergling x6  
  36  3:49  Zergling x2  
  36  3:50  Zergling x4  
  36  3:53  Zergling x2  
  43  3:55  Zergling x2  
  43  3:58  Zergling x2  
  45  4:03  Zergling x4  
  45  4:08  Zergling x2  
  48  4:12  Queen  
  50  4:25  Zergling x2  
  50  4:26  Zergling x8  
  55  4:40  Zergling x6  
  57  4:57  Zergling x2  
  57  4:58  Zergling x2  
  56  5:09  Zergling x4  
  56  5:12  Overlord x3  
  56  5:13  Overlord  
  56  5:21  Zergling x2  
  56  5:22  Zergling x6  
  56  5:23  Zergling x4  
  56  5:24  Zergling x2  
  57  5:31  Zergling x2  
  57  5:32  Zergling x8  
  53  5:38  Zergling x4  
  53  5:40  Zergling x2  
  53  5:42  Baneling x2  
  55  5:43  Baneling  
  55  5:48  Zergling x4  
  57  5:54  Baneling x3  
  57  5:55  Baneling x2  
  57  5:57  Zergling x2  
  58  6:11  Zergling x2  
  58  6:12  Zergling x10  
  57  6:21  Zergling x6  
  57  6:22  Zergling x2  
  60  6:27  Baneling  
  60  6:28  Baneling x5  
  60  6:29  Baneling  
  60  6:31  Zergling x2  
  61  6:33  Zergling x2  
  62  6:42  Zergling x2  
  62  6:43  Zergling x8  
  61  6:56  Zergling x12  
  61  6:57  Zergling x2  
  65  7:04  Zergling x8  
  65  7:07  Zergling x2  
  66  7:17  Zergling x2  
  66  7:18  Zergling x8  
  63  7:44  Zergling x18  
  63  7:59  Zergling x12  
  63  8:04  Zergling x2  
  63  8:05  Zergling x8  
  70  8:14  Zergling x2  
  70  8:15  Zergling x2  
  70  8:18  Baneling  
  70  8:19  Baneling x18  
  72  8:20  Baneling  
  72  8:21  Baneling  
  72  8:23  Zergling x2  
  72  8:24  Zergling x2  
  65  8:51  Zergling x2  
  65  8:52  Zergling x18  
Tags
 
Add a new tag
Caveats
  • Supply blocks, unpowered buildings, or Contaminate may cause inaccurate times.
  • Supply counts are checked every 10 seconds.